 Dungeon Sprint DCSS version 0.25-a0-36-g303dd5b1f4 (webtiles) character file.

Game seed: 14513583880298049165, levelgen mode: deterministic

18 Arum the Shield-Bearer (level 2, -3/26 HPs)
             Began as a Formicid Fighter on Oct 20, 2019.
             Slain by a worker ant (6 damage)
             ... in the Dungeon (Sprint IX: "|||||||||||||||||||||||||||||").
             The game lasted 00:00:29 (161 turns).

Arum the Shield-Bearer (Formicid Fighter)            Turns: 161, Time: 00:00:29

Health: -3/26      AC:  7    Str: 20    XL:     2   Next: 85%
Magic:  2/2        EV:  8    Int:  7    God:
Gold:   0          SH:  9    Dex: 10    Spells: 1/1 levels left

rFire    . . .     SeeInvis +   a - +0 quarterstaff
rCold    . . .     Gourm    .   c - +0 shield
rNeg     . . .     Faith    .   b - +0 scale mail
rPois    .         Spirit   .   (helmet unavailable)
rElec    .         Reflect  .   (no cloak)
rCorr    .         Harm     .   (no gloves)
MR       .....                  (no boots)
Stlth    ..........             (no amulet)
HPRegen  0.08/turn              (no ring)
MPRegen  0.08/turn              (no ring)

@: lethally poisoned (-3 -> -9)
A: permanent stasis, dig shafts and tunnels, four strong arms, antennae 3
a: Dig


You were in the Dungeon.
You were not hungry.

You visited 1 branch

Inventory:

Hand Weapons
 a - a +0 quarterstaff (weapon)
Armour
 b - a +0 scale mail (worn)
 c - a +0 shield (worn)
Scrolls
 k - a scroll of blinking
Potions
 d - a potion of might
 g - a potion of heal wounds
 h - a potion of haste
 i - 2 potions of magic
 j - a potion of berserk rage
Comestibles
 f - a ration
 l - 2 chunks of flesh


   Skills:
 + Level 4.3 Fighting
 + Level 3.2 Staves
 + Level 4.3 Armour
 + Level 4.7 Shields


You had one spell level left.
You didn't know any spells.
Your spell library was empty.

Dungeon Overview and Level Annotations

Branches:
Dungeon (1/1)

Altars:


Innate Abilities, Weirdness & Mutations

You cannot be hasted, slowed, berserked, paralysed or teleported.
You can dig through walls and to a lower floor.
Your four strong arms can wield two-handed weapons with a shield.
You have a pair of large antennae on your head. (SInv)


Message History

The crimson imp blinks!
The worker ant bites you but does no damage.
You hit the worker ant.
The worker ant is severely wounded.
The crimson imp closely misses you. You block the worker ant's attack.
The crimson imp blinks!
You hit the worker ant.
The worker ant is severely wounded.
The worker ant bites you.
* * * LOW HITPOINT WARNING * * *
You block the crimson imp's attack. You block the worker ant's attack.
You miss the crimson imp.
The crimson imp blinks!
The worker ant bites you.
* * * LOW HITPOINT WARNING * * *
You are lethally poisoned!
The worker ant poisons you!
You hit the crimson imp.
The crimson imp is lightly wounded.
* * * LOW HITPOINT WARNING * * *
You feel sick.
The crimson imp blinks!
The worker ant bites you.
You die... ▓▓▓▓▓▓▓▓▓▓▓▓▓▓▓▓▓▓ +..W5Za@5..)÷...<▓ ▓▓▓▓▓▓▓▓▓▓▓▓▓▓▓▓▓▓ {{{{{ {

You could see a phantom, a worker ant, 2 crimson imps and a bat skeleton.

Vanquished Creatures
  A gnoll (D)
  An ooze (D)
  A giant cockroach (D)
  A bat (D)
  A rat (D)
5 creatures vanquished.

Notes
Turn   | Place    | Note
-------+----------+-------------------------------------------
     0 | D        | Arum the Formicid Fighter began the quest for the Orb.
     0 | D        | Reached XP level 1. HP: 18/18 MP: 1/1
    13 | D        | Reached XP level 2. HP: 23/25 MP: 2/2
   144 | D        | Noticed a crimson imp
   144 | D        | Noticed a crimson imp
   144 | D        | Noticed a phantom
   161 | D        | Slain by a worker ant

Levels and vault maps discovered:
D:        linesprint [early_d, line_temple, items_1, d_10, items_2, lair_1,
          lair_end, items_3, orc_1, orc_end, items_4, d_15, swamp_1, shoals_1,
          snake_1, spider_1, d_20, vaults_1, items_5, swamp_end, shoals_end,
          snake_end, spider_end, vaults_end, d_27, items_6, zot_1, zot_end,
          crypt_end, forest_end, elf_end, slime_end, tomb_end, abyss_end,
          pan_hell_end]

Skill      XL: |  1  2 |
---------------+-------+-----
Shields        | 4 |  4.7
Fighting       | 4 |  4.3
Staves         | 3 |  3.2
Armour         | 4 |  4.3

Action                   || total
-------------------------++-------
Melee: Quarterstaff      ||    32
  Use: Potion            ||     1
Armor: Scale mail        ||     9
Dodge: Dodged            ||    14
Block: Shield            ||    19

Table legend:
 A = Non-vault XP
 B = Vault XP
 C = Vault XP percentage of total XP
 D = Non-vault monster count
 E = Vault monster count
 F = Vault count percentage of total count
                 A         B        C        D         E       F
            +---------+---------+-------+---------+---------+-------
      Total |       0 |      26 | 100.0 |       0 |       5 | 100.0
            +---------+---------+-------+---------+---------+-------
          D |       0 |      26 | 100.0 |       0 |       5 | 100.0
            +---------+---------+-------+---------+---------+-------
